 Dungeon Crawl Stone Soup version 0.31-a0-175-g9f7f995f2b (webtiles) character file.

Game seed: 13446663695624998910

248 qw the Chopper (level 6, 0/38 HPs)
             Began as a Gargoyle Fighter on June 16, 2023.
             Slain by Natasha (1 damage)
             ... on level 3 of the Dungeon.
             The game lasted 00:00:50 (2107 turns).

qw the Chopper (Gargoyle Fighter)                   Turns: 2107, Time: 00:00:51

Health: 0/38       AC: 14    Str: 22    XL:     6   Next: 12%
Magic:  6/6        EV:  8    Int:  8    God:
Gold:   85         SH:  4    Dex:  9    Spells: 5/5 levels left

rFire   . . .        Y - +0 war axe
rCold   . . .        c - +0 buckler
rNeg    + . .        i - +0 chain mail
rPois   inf          (no helmet)
rElec   +            (no cloak)
rCorr   +            f - +0 pair of gloves
SInv    .            (no boots)
Will    .....        (no amulet) Stlth
                     a - ring of resist corrosion
HPRegen 0.26/turn    (no ring)
MPRegen 0.10/turn

%: no passive effects
@: no status effects
A: sickness immunity, AC +4, negative energy resistance 1, electricity
resistance, torment resistance 1, petrification resistance
a: no special abilities


You were on level 3 of the Dungeon.
You visited 1 branch of the dungeon, and saw 3 of its levels.

You collected 85 gold pieces.


Innate Abilities, Weirdness & Mutations

You are immune to sickness and miasma.
Your stone body is resilient. (AC +4)
You are immune to poison.
You resist negative energy. (rN+)
You are resistant to electric shocks. (rElec)
You are resistant to unholy torment.
You are immune to petrification.


   Skills:
 + Level 3.9 Fighting
 - Level 5.4 Axes
 - Level 3.2 Armour
 - Level 3.2 Shields


You had 5 spell levels left.
You didn't know any spells.
Your spell library was empty.

Inventory:

Hand Weapons
 g - a +0 club
 Y - a +0 war axe (weapon)
Armour
 c - a +0 buckler (worn)
 f - a +0 pair of gloves (worn)
 i - a +0 chain mail (worn)
Jewellery
 a - a ring of resist corrosion (left hand)
Potions
 b - a potion of brilliance {unknown}
 d - a potion of might
 h - a potion of curing {unknown}

Dungeon Overview and Level Annotations

Branches:
Dungeon (3/15)

Altars:
Makhleb

Annotations:
D:3 Natasha


Message History

You hit Natasha.
Natasha is lightly wounded.
You slash the bat!
You kill the bat!
You hit the adder. You block the cerulean imp's attack.
The adder bites you but does no damage. You block the cerulean imp's attack.
Natasha mumbles some strange words.
The adder bites you but does no damage.
The cerulean imp hits you from afar with a +2 spear.
You barely miss Natasha.
Natasha is lightly wounded.
You slash the adder! You barely miss the adder.
The adder bites you but does no damage.
The cerulean imp hits you but does no damage.
Natasha barely misses you.
The adder bites you but does no damage. x2
The cerulean imp barely misses you.
You barely miss the adder.
The adder is almost dead.
You barely miss Natasha. You slash the adder! You block the adder's attack.
The cerulean imp closely misses you. Natasha barely misses you.
The adder bites you but does no damage. The cerulean imp closely misses you.
The adder closely misses you.
The cerulean imp hits you from afar with a +1 spear.
Natasha completely misses you.
You barely miss the adder.
The adder is almost dead.
You slash Natasha! You closely miss the adder.
The adder bites you but does no damage. x2
The cerulean imp hits you from afar with a +2 spear.
The adder completely misses you. The cerulean imp completely misses you.
Natasha completely misses you.
You hit the adder.
You kill the adder!
You hit Natasha. You slash the adder!
You kill the adder!
The cerulean imp disappears in a puff of smoke!
The cerulean imp hits you but does no damage.
The centaur shoots an arrow.
The arrow hits you. Natasha claws you.
You die...

#####...........#
...#.##.######.#
........#####
............# ###
#.#####.###.#
...# #. #.#
#.##.. # #.#
#.#.#
#.###..###.#.##
#.......@h55....
...#...#r#.#...#.
#..###g...ยค# #.[
#. #.o.c.# ..
'.....+ #
..##+##. ... ..
.##. ..


You could see a centaur, Natasha, 2 cerulean imps, an orc, a quokka and a
goblin.

Vanquished Creatures
  Sigmund (D:2)
  A hound (D:2)
  Natasha (D:3)
  3 adders (D:3)
  A dart slug (D:1)
  6 ball pythons
  5 endoplasms
  A goblin (D:1)
  4 hobgoblins
  A quokka (D:1)
  7 bats
  3 frilled lizards
  2 kobolds
  A rat (D:1)
37 creatures vanquished.

Notes
Turn   | Place    | Note
-------+----------+-------------------------------------------
     0 | D:1      | qw the Gargoyle Fighter began the quest for the Orb.
     0 | D:1      | Reached XP level 1. HP: 14/14 MP: 1/1
     0 | D:1      | 0 ||| qw: Version: 0.2-a-29-g511e9b1
     0 | D:1      | 0 ||| qw: Game counter: 61
     0 | D:1      | 0 ||| qw: Always use a shield: true
     0 | D:1      | 0 ||| qw: God list: Okawaru
     0 | D:1      | 0 ||| qw: Allow faded altars: false
     0 | D:1      | 0 ||| qw: Do Orc after D:15 true
     0 | D:1      | 0 ||| qw: Do second Lair branch before Depths: true
     0 | D:1      | 0 ||| qw: Lair rune preference: random
     0 | D:1      | 0 ||| qw: Plans: Normal, Zot:1-4, Slime:5, God:TSO, Crypt,
                  | Tomb, Abyss, Pan, Hells, Win
     0 | D:1      | 0 ||| PLANNING D:1-11
    33 | D:1      | Reached skill level 2 in Axes
    42 | D:1      | Reached XP level 2. HP: 12/19 MP: 2/2
   636 | D:1      | Reached skill level 3 in Axes
   686 | D:1      | Reached XP level 3. HP: 23/23 MP: 3/3
   788 | D:1      | 788 ||| UPGRADING to +0 pair of gloves.
   793 | D:1      | 793 ||| UPGRADING to +0 chain mail.
   803 | D:1      | 803 ||| DROPPING +0 scale mail.
   804 | D:1      | 804 ||| DROPPING amulet of magic regeneration.
   805 | D:1      | 805 ||| READING scroll labelled ISEACY EMPING.
  1008 | D:2      | You fall into a shaft and drop 1 floor!
  1016 | D:3      | Noticed Natasha
  1017 | D:3      | 1017 ||| Stepping ~*~*~tactically~*~*~ (hiding).
  1024 | D:3      | Killed Natasha
  1075 | D:3      | 1075 ||| Stepping ~*~*~tactically~*~*~ (stealth).
  1078 | D:3      | 1078 ||| Stepping ~*~*~tactically~*~*~ (stealth).
  1109 | D:3      | Reached XP level 4. HP: 23/28 MP: 4/4
  1134 | D:3      | 1134 ||| UPGRADING to ring of resist corrosion.
  1186 | D:2      | Noticed Sigmund
  1187 | D:2      | 1187 ||| Stepping ~*~*~tactically~*~*~ (hiding).
  1188 | D:2      | 1188 ||| Stepping ~*~*~tactically~*~*~ (hiding).
  1190 | D:2      | 1190 ||| Stepping ~*~*~tactically~*~*~ (hiding).
  1202 | D:2      | Killed Sigmund
  1203 | D:2      | Reached skill level 5 in Axes
  1203 | D:2      | Reached XP level 5. HP: 31/32 MP: 5/5
  1365 | D:2      | Found a burning altar of Makhleb.
  1465 | D:2      | Identified the +3 robe of Beyond {Drain rC+ Str+2}
  1869 | D:2      | 1869 ||| READING scroll labelled AVIARI ICILOK.
  1870 | D:2      | 1870 ||| READING scroll labelled ENIEHE UBEPENT.
  1871 | D:2      | 1871 ||| DRINKING 3 glowing yellow potions.
  1975 | D:2      | 1975 ||| DROPPING 2 potions of berserk rage.
  2032 | D:3      | 2032 ||| STAIRDANCE
  2053 | D:2      | Reached XP level 6. HP: 34/38 MP: 6/6
  2096 | D:3      | Noticed Natasha
  2101 | D:3      | HP: 9/38 [Natasha/magic dart (9)]
  2106 | D:3      | HP: 5/38 [cerulean imp/+2 spear[Natasha] (1)]
  2107 | D:3      | HP: 1/38 [centaur/arrow (4)]
  2107 | D:3      | Slain by Natasha

Levels and vault maps discovered:
D:1:      dpeg_arrival_orchard, layout_loops_ring, minmay_tall_x
D:2:      layout_loops_corners, basic_altar, uniq_sigmund
D:3:      layout_loops_ring, mainiacjoe_overflow_six_doors_small,
          hangedman_decor_growths, minmay_fractal_squares_diagonal_5,
          uniq_natasha, uniq_grinder, uniq_crazy_yiuf_cottage, uniq_robin,
          uniq_jessica

Skill      XL: |  1  2  3  4 |
---------------+-------------+-----
Axes           | 2 3 5 |  5.4
Fighting       | |  3.9
Armour         | |  3.2
Shields        | |  3.2

Action                     |  1- 3 |  4- 6 || total
---------------------------+-------+-------++-------
  Melee: War axe           |    94 |    43 ||   137
    Use: Scroll            |     1 |     2 ||     3
         Potion            |       |     1 ||     1
 Armour: Scale mail        |    43 |       ||    43
         Chain mail        |    20 |    51 ||    71
  Dodge: Dodged            |    46 |    38 ||    84
  Block: Buckler           |    23 |    14 ||    37

Table legend:
 A = Non-vault XP
 B = Vault XP
 C = Vault XP percentage of total XP
 D = Non-vault monster count
 E = Vault monster count
 F = Vault count percentage of total count
                 A         B        C        D         E       F
            +---------+---------+-------+---------+---------+-------
      Total |      95 |     286 |  75.1 |      27 |      10 |  27.0
            +---------+---------+-------+---------+---------+-------
        D:1 |      26 |       8 |  23.5 |      17 |       4 |  19.0
        D:2 |      52 |     214 |  80.5 |       6 |       1 |  14.3
        D:3 |      17 |      64 |  79.0 |       4 |       5 |  55.6
            +---------+---------+-------+---------+---------+-------
